 Dungeon Crawl Stone Soup version 0.24-a0-285-g3c078ff (webtiles) character file.

Game seed: 6516828834087670927

67 MisterFreud the Slasher (level 4, -3/31 HPs)
             Began as an Octopode Fighter on May 7, 2019.
             Slain by a gnoll
             ... wielding a +0 spear
              (4 damage)
             ... on level 2 of the Dungeon.
             The game lasted 00:01:51 (1333 turns).

MisterFreud the Slasher (Octopode Fighter)          Turns: 1333, Time: 00:01:52

Health: -3/31      AC:  1    Str: 14 (15) XL:     4   Next: 16%
Magic:  4/4        EV: 11    Int:  9 (11) God:
Gold:   137        SH:  8    Dex:  9 (11) Spells: 3/3 levels left

rFire    . . .     SeeInvis .   a - +0 long sword
rCold    . . .     Gourm    .   b - +0 shield
rNeg     . . .     Faith    .   (helmet restricted)
rPois    .         Spirit   .   (no amulet)
rElec    .         Reflect  .   p - ring of wizardry
rCorr    .         Harm     .   (no ring)
MR       .....                  (no ring)
Stlth    ++........             (no ring)
HPRegen  0.10/turn              (no ring)
MPRegen  0.09/turn              (no ring)
                                (no ring)
                                (no ring)

@: no status effects
A: almost no armour, stealthy swim, amphibious, 8 rings, constrict 8, camouflage
1, gelatinous body 1
a: no special abilities


You were on level 2 of the Dungeon.
You were not hungry.

You visited 1 branch of the dungeon, and saw 2 of its levels.

You collected 137 gold pieces.

Inventory:

Hand Weapons
 a - a +0 long sword (weapon)
Missiles
 e - 103 stones (quivered)
 h - 20 arrows
 j - 12 poisoned needles
 o - 8 tomahawks
 r - 22 sling bullets
Armour
 b - a +0 shield (worn)
Jewellery
 p - a ring of wizardry (left tentacle)
Scrolls
 f - a scroll of blinking {unknown}
 g - a scroll of teleportation {unknown}
 l - 2 scrolls of remove curse {unknown}
 m - a scroll of fear {unknown}
 s - 2 scrolls of identify {unknown}
Potions
 c - 2 potions of might
 i - a potion of haste
 n - a potion of brilliance {unknown}
 q - a potion of cancellation {unknown}
Comestibles
 d - 2 rations
 t - a chunk of flesh


   Skills:
 - Level 3.0 Fighting
 + Level 4.3 Long Blades
 - Level 3.0 Dodging
 - Level 3.0 Shields


You had 3 spell levels left.
You didn't know any spells.
Your spell library was empty.

Dungeon Overview and Level Annotations

Branches:
Dungeon (2/15)

Altars:
Elyvilon


Innate Abilities, Weirdness & Mutations

You cannot wear most types of armour.
You are very stealthy in the water. (Stealth+)
You are amphibious.
You can wear up to eight rings at the same time.
You can use your tentacles to constrict eight enemies at once.
Your skin changes colour to match your surroundings (Stealth+).
Your rubbery body absorbs attacks. (AC +1, EV +1)


Message History

You hit the giant cockroach but do no damage.
Your grab misses the giant cockroach. You squeeze the giant cockroach.
The giant cockroach is heavily wounded.
The gnoll closely misses you. The giant cockroach barely misses you.
You riposte.
You hit the giant cockroach but do no damage.
Your grab misses the giant cockroach.
The giant cockroach is heavily wounded.
The gnoll hits you from afar with a +0 spear!
* * * LOW HITPOINT WARNING * * *
You block the giant cockroach's attack. You block the gnoll's attack.
The giant cockroach bites you.
* * * LOW HITPOINT WARNING * * *
It was a potion of degeneration.
There was something very wrong with that liquid.
You feel weakened.
You feel dopey.
You feel clumsy. You block the gnoll's attack.
The gnoll hits you from afar with a +0 spear.
You die...

######## #......#
#.@....#
#s#################
##g.♣.8.8.8.8.8.8.♣.
#......)............
+...8.8.♣.8.8.8.8.♣.
###..#################
#.....†...#.
#.###....>...
#.#.##......#.#


You could see a gnoll and a giant cockroach.

Vanquished Creatures
  3 gnolls (D:2)
  An adder (D:2)
  2 dart slugs (D:1)
  3 leopard geckos (D:1)
  2 bats (D:1)
  2 giant cockroaches
  A hobgoblin (D:1)
  3 kobolds (D:1)
  4 frilled lizards (D:1)
  A goblin (D:2)
  3 rats (D:1)
25 creatures vanquished.

Notes
Turn   | Place    | Note
-------+----------+-------------------------------------------
     0 | D:1      | MisterFreud the Octopode Fighter began the quest for the
                  | Orb.
     0 | D:1      | Reached XP level 1. HP: 16/16 MP: 1/1
   246 | D:1      | Reached XP level 2. HP: 17/21 MP: 2/2
   418 | D:1      | Reached skill level 3 in Long Blades
   620 | D:1      | Reached XP level 3. HP: 26/26 MP: 3/3
  1008 | D:2      | Found a white marble altar of Elyvilon.
  1312 | D:2      | Reached skill level 4 in Long Blades
  1312 | D:2      | Reached XP level 4. HP: 31/31 MP: 4/4
  1332 | D:2      | HP: 1/31 [giant cockroach (2)]
  1333 | D:2      | Slain by a gnoll

Levels and vault maps discovered:
D:1:      saegor_arrival_simple_e, layout_loops_ring, serial_forest,
          infiniplex_forest_lined_3, infiniplex_forest_diagonal,
          infiniplex_forest_clump_long, infiniplex_forest_lined_2,
          infiniplex_forest_pool, minmay_hexomino_u4
D:2:      layout_basic, elyvilon_altar_5, chequers_avenue

Skill      XL: |  1  2  3 |
---------------+----------+-----
Long Blades    | 3 4 |  4.3
Fighting       | |  3.0
Dodging        | |  3.0
Shields        | |  3.0

Action                   |  1- 3 |  4- 6 || total
-------------------------+-------+-------++-------
Melee: Long sword        |    45 |     4 ||    49
       Tentacles         |     9 |     2 ||    11
       Constrict         |    13 |     1 ||    14
  Use: Potion            |       |     1 ||     1
 Stab: Sleeping          |     5 |       ||     5
  Eat: Chunk             |       |     1 ||     1
Armor: Skin              |     4 |       ||     4
Dodge: Dodged            |    11 |     5 ||    16
Block: Shield            |    20 |     6 ||    26
       Rpst.: Long sword |     3 |     1 ||     4

Table legend:
 A = Non-vault XP
 B = Vault XP
 C = Vault XP percentage of total XP
 D = Non-vault monster count
 E = Vault monster count
 F = Vault count percentage of total count
                 A         B        C        D         E       F
            +---------+---------+-------+---------+---------+-------
      Total |      94 |       2 |   2.1 |      24 |       1 |   4.0
            +---------+---------+-------+---------+---------+-------
        D:1 |      36 |       2 |   5.3 |      18 |       1 |   5.3
        D:2 |      58 |       0 |   0.0 |       6 |       0 |   0.0
            +---------+---------+-------+---------+---------+-------
